[Event "Titled Tuesday Blitz March 21 Early 2023"]
[White "Mikhailovsky, Vladimir"]
[Black "Omelja, Artem"]
[WhiteFideId "34105414"]
[BlackFideId "14119846"]
[WhiteElo "2293"]
[BlackElo "2404"]
[Result "1/2-1/2"]
[Round "07"]
[TimeControl "180+2"]
[Date "2023.03.21"]
[WhiteClock "0:00:32"]
[BlackClock "0:00:42"]

1. e4 c5 2. Nf3 Nc6 3. Bb5 g6 4. Bxc6 bxc6 5. d3 Bg7 6. h3 e5 7. Be3 d6 8. Nc3 Nf6 9. O-O O-O 10. Qd2 Re8 11. Nh2 Rb8 12. b3 Nh5 13. Ne2 f5 14. exf5 gxf5 15. Bg5 Qc7 16. Rae1 f4 17. Nxf4 Nxf4 18. Bxf4 Bxh3 19. gxh3 exf4 20. Qxf4 Be5 21. Qh4 Kh8 22. Ng4 Bc3 23. Re3 d5 24. Kh1 Qf7 25. Rg1 Rxe3 26. fxe3 Qf3+ 27. Kh2 Rg8 28. Rg2 Be5+ 29. Kh1 Qf1+ 30. Rg1 Qf3+ 31. Rg2 Qf1+ 32. Rg1 Qf3+ 33. Rg2 1/2-1/2


[Site "https://www.chess.com"]

[Event "Titled Tuesday Blitz March 21 Early 2023"]
[White "Sattarov, Bobir"]
[Black "Villalba, Marcelo"]
[WhiteFideId "14203081"]
[BlackFideId "3701859"]
[WhiteElo "2351"]
[BlackElo "2191"]
[Result "0-1"]
[Round "07"]
[TimeControl "180+2"]
[Date "2023.03.21"]
[WhiteClock "0:00:01"]
[BlackClock "0:00:03"]

1. e4 e5 2. Nf3 Nc6 3. Nc3 Nf6 4. a3 Be7 5. d4 exd4 6. Nxd4 d6 7. g3 O-O 8. Bg2 Bd7 9. O-O Re8 10. h3 h6 11. Nde2 Bf8 12. g4 g6 13. Ng3 Bg7 14. f4 Nh7 15. Nd5 Ne7 16. Ne3 Bc6 17. Qd3 Nf6 18. Bd2 d5 19. e5 Ne4 20. Be1 Nxg3 21. Bxg3 d4 22. Bxc6 Nxc6 23. Nc4 Qd5 24. Rae1 Rad8 25. Re2 b5 26. Nd2 Na5 27. Nf3 Nc4 28. b3 Ne3 29. Rff2 a6 30. b4 c5 31. bxc5 Qxc5 32. Bh4 Rd5 33. Kh2 Nc4 34. Nd2 Qxa3 35. Nxc4 Qxd3 36. cxd3 bxc4 37. dxc4 Rc5 38. Ra2 Rxc4 39. Rxa6 d3 40. Rd6 g5 41. Bg3 gxf4 42. Bh4 Bxe5 43. Rxd3 Rec8 44. Kg2 Rc3 45. Rdf3 Rxf3 46. Kxf3 Rc3+ 47. Ke4 Re3+ 48. Kf5 Kg7 49. Ra2 f3 50. Bf2 Re2 51. Rxe2 fxe2 52. Kxe5 Kg6 53. Kf4 f6 54. Kf3 f5 55. gxf5+ Kxf5 56. Bg3 Kg5 57. Kxe2 Kh5 58. Kf3 Kg5 59. Bf2 Kh5 0-1


[Site "https://www.chess.com"]

[Event "Titled Tuesday Blitz March 21 Early 2023"]
[White "Albornoz Cabrera, Carlos Daniel"]
[Black "Petukhov, Dmitry"]
[WhiteFideId "3518736"]
[BlackFideId "4142748"]
[WhiteElo "2501"]
[BlackElo "2311"]
[Result "0-1"]
[Round "07"]
[TimeControl "180+2"]
[Date "2023.03.21"]
[WhiteClock "0:00:06"]
[BlackClock "0:00:08"]

1. d4 Nf6 2. c4 g6 3. g3 Bg7 4. Bg2 O-O 5. Nf3 c6 6. O-O d5 7. Na3 Be6 8. Qb3 Qb6 9. c5 Qxb3 10. axb3 Na6 11. Nc2 Nc7 12. Bf4 Nb5 13. Na3 a6 14. Ra2 Nxa3 15. Rxa3 Ne4 16. Rc1 Bd7 17. Ne1 Bxd4 18. Bxe4 dxe4 19. Rd1 e5 20. Bh6 Rfe8 21. e3 Bxb2 22. Ra2 Bg4 23. Rd6 Bc3 24. Nc2 Be6 25. Ra3 f6 26. Kf1 a5 27. h4 Kf7 28. Ke2 Red8 29. Kd1 Rxd6+ 30. cxd6 Rd8 31. b4 Rxd6+ 32. Kc1 axb4 33. Ra7 Rd7 34. Ra8 b3 35. Rf8+ Ke7 36. Na3 Bb4 37. Nb1 Be1 38. Rh8 Kd6 39. Rf8 Bf7 40. g4 Bxf2 41. h5 gxh5 42. gxh5 Bh4 43. Nd2 b5 44. Nxe4+ Ke7 45. Rc8 Bxh5 46. Kb2 Bf3 47. Nc5 Rd2+ 48. Kxb3 Bd5+ 49. Kc3 Be1 50. Bf8+ Kf7 51. e4 Be6 52. Rc7+ Kxf8 53. Nxe6+ Kg8 54. Kb3 Rd6 55. Rg7+ Kh8 56. Re7 h5 57. Nf8 Kg8 58. Ng6 h4 59. Ra7 h3 60. Ne7+ Kf8 61. Nf5 Rd3+ 62. Kc2 Rc3+ 63. Kd1 Bg3 64. Rh7 Bf4 65. Ke2 b4 66. Nd6 b3 67. Rf7+ Kg8 68. Rb7 h2 69. Rb8+ Kg7 70. Nf5+ Kf7 71. Rb7+ Kf8 72. Rb8+ Kf7 73. Rb7+ Ke8 74. Nd6+ Kd8 75. Nf7+ Ke8 76. Nd6+ Kf8 77. Rb8+ Kg7 78. Nf5+ Kg6 79. Rg8+ Kf7 80. Rh8 b2 81. Rh7+ Kg8 82. Rb7 h1=Q 83. Ne7+ Kf8 84. Ng6+ Ke8 85. Rb8+ Kd7 86. Nf8+ Kc7 87. Re8 Qf3+ 88. Ke1 Rc1# 0-1


[Site "https://www.chess.com"]

[Event "Titled Tuesday Blitz March 21 Early 2023"]
[White "Staudenhocker43"]
[Black "Gadimbayli, Abdulla"]
[BlackFideId "13404938"]
[WhiteElo "2508"]
[BlackElo "2390"]
[Result "1/2-1/2"]
[Round "07"]
[TimeControl "180+2"]
[Date "2023.03.21"]
[WhiteClock "0:00:36"]
[BlackClock "0:00:21"]

1. d4 Nf6 2. c4 Nc6 3. Nf3 e6 4. Nc3 d5 5. Bg5 Bb4 6. e3 h6 7. Bxf6 Qxf6 8. a3 Bxc3+ 9. bxc3 O-O 10. Be2 dxc4 11. Bxc4 b6 12. O-O Bb7 13. Be2 Na5 14. Ne5 Rfd8 15. Bf3 Bxf3 16. Qxf3 Qxf3 17. Nxf3 Rac8 18. Rfd1 c5 19. Rac1 Nb3 20. Rb1 Na5 21. Rbc1 Nc4 22. Ra1 Nb2 23. Rd2 Na4 24. dxc5 Rxd2 25. Nxd2 Rxc5 26. Ne4 Rc4 27. f3 Nxc3 28. Nxc3 Rxc3 29. Kf2 g5 30. g4 Kg7 31. a4 Rc5 32. Rd1 Rc2+ 33. Kg3 Ra2 34. Rd4 Kf6 35. h4 Ke7 36. hxg5 hxg5 37. f4 Ra3 38. Kf2 gxf4 39. exf4 Rb3 40. Rc4 Kd6 41. Rd4+ Kc6 42. g5 a5 43. Rc4+ Kd7 44. Rd4+ Ke7 45. Ke2 b5 46. axb5 Rxb5 47. Ra4 Kd7 48. Kf3 Rf5 49. Ke4 Kc6 50. Ra1 Kb6 51. Rb1+ Rb5 52. Ra1 Rf5 53. Rb1+ Kc5 54. Rc1+ Kb4 55. Rc7 a4 56. Rb7+ Kc3 57. Rc7+ Kb3 58. Rb7+ Ka2 59. Rb6 a3 60. g6 fxg6 61. Rxe6 Ra5 62. Rxg6 Kb3 63. Rg3+ Kc4 64. Rg1 a2 65. Ra1 Kb3 66. f5 Kb2 67. Rxa2+ Kxa2 68. f6 Kb3 69. f7 Ra8 70. Ke5 Rf8 71. Ke6 Rxf7 72. Kxf7 1/2-1/2


[Site "https://www.chess.com"]

[Event "Titled Tuesday Blitz March 21 Early 2023"]
[White "Harshavardhan G B"]
[Black "Vaglio Munoz, Jaime"]
[WhiteFideId "25059009"]
[BlackFideId "6500145"]
[WhiteElo "2323"]
[BlackElo "2199"]
[Result "1-0"]
[Round "07"]
[TimeControl "180+2"]
[Date "2023.03.21"]
[WhiteClock "0:01:05"]
[BlackClock "0:00:32"]

1. Nf3 c6 2. g3 g6 3. Bg2 Bg7 4. O-O d6 5. d4 Nf6 6. c4 Bf5 7. Nc3 Ne4 8. Qb3 Qb6 9. Nh4 Nxc3 10. bxc3 Be6 11. e4 Qa6 12. d5 Bd7 13. Be3 c5 14. f4 b5 15. Nf3 bxc4 16. Qb2 O-O 17. h3 Qc8 18. g4 Na6 19. e5 Nc7 20. Rad1 a5 21. Qe2 Nb5 22. Bd2 Na3 23. Be1 Rb8 24. Bh4 Re8 25. Rfe1 Ba4 26. Rc1 h6 27. e6 fxe6 28. dxe6 Bc6 29. f5 g5 30. Bg3 Qb7 31. h4 Bf6 32. hxg5 hxg5 33. Qe3 Bxf3 34. Bxf3 Qb2 35. Re2 Qxc1+ 36. Qxc1 Rb1 37. Qxb1 Nxb1 38. Rb2 Nxc3 39. Bc6 Rc8 40. Rb6 d5 41. Bd7 Rc7 42. Bxc7 d4 43. Rb8+ Kg7 44. Bxa5 Ne2+ 45. Kf2 d3 46. Bb5 c3 47. Bxd3 c2 48. Bxc2 Nd4 49. Be4 Be5 50. Re8 Bf6 51. Bd8 c4 52. Bxe7 c3 53. Bxf6+ Kxf6 54. Rc8 Ke5 55. e7 Kxe4 56. e8=Q+ Kf4 57. Qe3+ Kxg4 58. Qxd4+ Kxf5 59. Rc5+ Kg6 60. Qd6+ Kh5 61. Qe5 Kh6 62. Qxg5+ Kh7 63. Rc7+ 1-0


[Site "https://www.chess.com"]

[Event "Titled Tuesday Blitz March 21 Early 2023"]
[White "Krysa, Leandro"]
[Black "Mazurkiewicz, Michal"]
[WhiteFideId "116807"]
[BlackFideId "1124943"]
[WhiteElo "2485"]
[BlackElo "2054"]
[Result "1-0"]
[Round "07"]
[TimeControl "180+2"]
[Date "2023.03.21"]
[WhiteClock "0:00:38"]
[BlackClock "0:00:03"]

1. e4 d6 2. d4 Nf6 3. Nc3 c6 4. Nf3 Bg4 5. h3 Bh5 6. Qe2 e6 7. g4 Bg6 8. h4 h5 9. g5 Nfd7 10. d5 e5 11. Be3 cxd5 12. exd5 Qa5 13. O-O-O Be7 14. Kb1 Nc5 15. Bh3 Nbd7 16. Nd2 O-O 17. Nb3 Nxb3 18. axb3 Qc7 19. f4 exf4 20. Bxf4 Rfe8 21. Rhe1 a6 22. Qxe7 Rxe7 23. Rxe7 Rd8 24. Rde1 b5 25. Ne4 Qb6 26. Bxd7 Qd4 27. Bc6 a5 28. Bxd6 a4 29. bxa4 bxa4 30. Ba3 Rb8 31. d6 Kh7 32. d7 Qc4 33. Re8 1-0


[Site "https://www.chess.com"]

[Event "Titled Tuesday Blitz March 21 Early 2023"]
[White "Savitha Shri B"]
[Black "Karthik Rajaa"]
[WhiteFideId "35061887"]
[BlackFideId "25035215"]
[WhiteElo "2191"]
[BlackElo "2215"]
[Result "0-1"]
[Round "07"]
[TimeControl "180+2"]
[Date "2023.03.21"]
[WhiteClock "0:00:12"]
[BlackClock "0:00:14"]

1. Nf3 Nf6 2. g3 g6 3. Bg2 Bg7 4. O-O O-O 5. c4 c5 6. Nc3 Nc6 7. d4 d6 8. d5 Na5 9. Nd2 e6 10. dxe6 Bxe6 11. b3 d5 12. Bb2 d4 13. Na4 Rc8 14. Ba3 b6 15. b4 Nxc4 16. Nxc4 Bxc4 17. bxc5 b5 18. Nb2 Re8 19. Nd3 Ne4 20. Bb2 Nxc5 21. Nxc5 Rxc5 22. Re1 Rc7 23. Qd2 Rce7 24. Bf3 Bd5 25. Bxd5 Qxd5 26. e3 d3 27. Bxg7 Kxg7 28. Red1 Rd7 29. Rab1 a6 30. Rb3 Red8 31. Qb2+ Kg8 32. Qa3 d2 33. Rb2 Qf3 34. Rbb1 Rd6 35. Qb2 Qe2 36. Qc2 Rf6 37. f4 Qxe3+ 38. Kg2 Qe2+ 39. Kg1 Rfd6 40. Qc7 Rd3 41. a4 b4 42. a5 b3 43. Qb7 Qe3+ 44. Kg2 R8d6 45. Qb8+ Kg7 46. Qb4 Qd4 47. Qb7 Qd5+ 48. Qxd5 R6xd5 49. Rb2 Rxa5 50. Kf2 Rb5 51. Ke2 Rd6 52. Rdxd2 Rxd2+ 53. Kxd2 a5 54. Kc3 a4 55. Rf2 a3 56. Rf1 b2 57. Rb1 a2 0-1


[Site "https://www.chess.com"]

[Event "Titled Tuesday Blitz March 21 Early 2023"]
[White "Guzman Moneo, Alberto"]
[Black "Papasimakopoulos, Alexandros"]
[WhiteFideId "2209616"]
[BlackFideId "4244125"]
[WhiteElo "2157"]
[BlackElo "2359"]
[Result "1-0"]
[Round "07"]
[TimeControl "180+2"]
[Date "2023.03.21"]
[WhiteClock "0:00:09"]
[BlackClock "0:00:24"]

1. e4 e6 2. d3 d5 3. Nd2 c5 4. Ngf3 Nc6 5. g3 Nge7 6. Bg2 g6 7. O-O Bg7 8. h4 h6 9. Re1 b5 10. exd5 exd5 11. c4 bxc4 12. dxc4 d4 13. Ne4 O-O 14. Nxc5 Rb8 15. b3 d3 16. Bf4 Bxa1 17. Qxa1 Kh7 18. Qc1 Bg4 19. Bxh6 Re8 20. Ng5+ Kg8 21. Nge4 Nf5 22. Bg5 d2 23. Bxd2 Nfd4 24. Bg5 Qa5 25. Nf6+ Kh8 26. Nxe8 Ne2+ 27. Rxe2 Bxe2 28. Bf6+ Kh7 29. Nd6 Qxc5 30. Nxf7 Nb4 31. Qh6+ Kg8 32. Qg7# 1-0


[Site "https://www.chess.com"]

[Event "Titled Tuesday Blitz March 21 Early 2023"]
[White "Gontcharov, Vladislav"]
[Black "lolliNOPE"]
[WhiteFideId "4123492"]
[WhiteElo "2470"]
[BlackElo "2060"]
[Result "1-0"]
[Round "07"]
[TimeControl "180+2"]
[Date "2023.03.21"]
[WhiteClock "0:00:23"]
[BlackClock "0:00:03"]

1. d4 Nf6 2. c4 e6 3. Nc3 d5 4. Bg5 Be7 5. e3 O-O 6. Rc1 b6 7. Bxf6 Bxf6 8. cxd5 exd5 9. g3 Bb7 10. Bg2 Re8 11. Nge2 c6 12. O-O Nd7 13. b4 b5 14. e4 Nb6 15. e5 Be7 16. f4 Bxb4 17. f5 Nc4 18. Qd3 a5 19. Nf4 Ba6 20. h4 Bf8 21. f6 g6 22. h5 g5 23. Nh3 h6 24. Rf5 b4 25. Nxg5 hxg5 26. Rxg5+ Kh8 27. Qf5 Bc8 28. Qf4 bxc3 29. Rxc3 Rb8 30. h6 Rb1+ 31. Kh2 Qd7 32. Qh4 Rb2 33. g4 Bb4 34. Rh3 Ne3 35. h7 Rxg2+ 36. Kh1 1-0


[Site "https://www.chess.com"]

[Event "Titled Tuesday Blitz March 21 Early 2023"]
[White "Nogerbek, Kazybek"]
[Black "Quinones Garcia, Santiago"]
[WhiteFideId "13710427"]
[BlackFideId "4408497"]
[WhiteElo "2501"]
[BlackElo "2263"]
[Result "1-0"]
[Round "07"]
[TimeControl "180+2"]
[Date "2023.03.21"]
[WhiteClock "0:02:05"]
[BlackClock "0:00:32"]

1. d4 Nf6 2. Nc3 d5 3. Bf4 c6 4. e3 g6 5. Nf3 Bg7 6. Ne5 O-O 7. h4 Nbd7 8. Be2 Nxe5 9. Bxe5 b5 10. g4 a5 11. h5 Be6 12. g5 Nd7 13. Bxg7 Kxg7 14. f4 Rh8 15. h6+ Kf8 16. Bd3 a4 17. a3 Qb6 18. Qd2 b4 19. axb4 Qxb4 20. Kf2 c5 21. Bb5 Nb6 22. dxc5 Qxc5 23. Qd4 Qxd4 24. exd4 f6 25. Nxa4 Nxa4 26. Bxa4 Kf7 27. Bb3 Rab8 28. Rhe1 Rb6 29. Ra7 Rc8 30. Re3 Rb4 31. gxf6 Kxf6 32. Ra6 Rxd4 33. Raxe6+ Kf5 34. Kg3 1-0


[Site "https://www.chess.com"]

[Event "Titled Tuesday Blitz March 21 Early 2023"]
[White "TheKnightOfBosnia"]
[Black "Kilic, Eray"]
[BlackFideId "44517173"]
[WhiteElo "2530"]
[BlackElo "2328"]
[Result "0-1"]
[Round "07"]
[TimeControl "180+2"]
[Date "2023.03.21"]
[WhiteClock "0:00:02"]
[BlackClock "0:00:35"]

1. e4 c5 2. Nf3 d6 3. Bb5+ Nd7 4. d4 cxd4 5. Qxd4 e5 6. Qd3 a6 7. Bxd7+ Bxd7 8. Nc3 Be6 9. O-O Rc8 10. Rd1 h6 11. Nd2 Nf6 12. Nf1 Qc7 13. Ne3 Be7 14. f3 b5 15. a4 b4 16. Ncd5 Bxd5 17. exd5 Qb7 18. Bd2 O-O 19. Kh1 Rc7 20. c3 bxc3 21. Bxc3 Rfc8 22. Be1 Nd7 23. b4 a5 24. bxa5 Nc5 25. Qb5 Qa8 26. Nf5 Bf8 27. Rac1 Rb8 28. Qe2 g6 29. Ng3 Rbc8 30. Ne4 Nxe4 31. Rxc7 Rxc7 32. fxe4 Qc8 33. a6 Rc2 34. Qf1 Ra2 35. a5 Qd7 36. Bf2 Rxa5 37. a7 Rxa7 38. Bxa7 Qxa7 39. Qf6 Be7 40. Qf3 Bg5 41. g3 h5 42. h4 Bh6 43. Kg2 Qa2+ 44. Qf2 Qa4 45. Qe2 Kg7 46. Rf1 Kg8 47. Qf3 Qd7 48. Rb1 Qa7 49. Rf1 Be3 50. g4 hxg4 51. Qxg4 Qa2+ 52. Kh3 Qc4 53. Qf3 Bf4 54. Rg1 Qc2 55. Rg2 Qb1 56. Rf2 Kh7 57. h5 g5 58. Kg4 Qc1 59. Kf5 Qc8+ 60. Kf6 Qd8+ 61. Kxf7 Qd7+ 62. Kf6 Kg8 63. Ra2 Qf7# 0-1


[Site "https://www.chess.com"]

[Event "Titled Tuesday Blitz March 21 Early 2023"]
[White "Galchenko, Matvey"]
[Black "Degenbaev, Aziz"]
[WhiteFideId "24175480"]
[BlackFideId "13802640"]
[WhiteElo "2404"]
[BlackElo "2152"]
[Result "1-0"]
[Round "07"]
[TimeControl "180+2"]
[Date "2023.03.21"]
[WhiteClock "0:01:05"]
[BlackClock "0:00:09"]

1. e4 c5 2. c3 Nf6 3. e5 Nd5 4. Nf3 d6 5. Bc4 Nb6 6. Bb3 Nc6 7. exd6 Qxd6 8. O-O c4 9. Bc2 Bg4 10. Re1 e6 11. h3 Bh5 12. b3 Qc7 13. Na3 cxb3 14. axb3 Be7 15. Nc4 Nxc4 16. bxc4 O-O 17. d4 Rfd8 18. Qe2 Rac8 19. Be4 Na5 20. c5 b6 21. Qb5 Bg6 22. Bxg6 hxg6 23. Ne5 g5 24. Be3 Bf6 25. Ng4 Nc6 26. cxb6 axb6 27. Rab1 Ne7 28. Rec1 Nd5 29. c4 Nxe3 30. fxe3 Rb8 31. Rf1 Be7 32. Ne5 f6 33. Nc6 Rbc8 34. Nxd8 Bxd8 35. Qe8+ Kh7 36. Qh5+ Kg8 37. Qe8+ Kh7 38. Qxe6 Ra8 39. Qe4+ 1-0


[Site "https://www.chess.com"]

[Event "Titled Tuesday Blitz March 21 Early 2023"]
[White "Lorparizangeneh, Shahin"]
[Black "Hirneise, Jens"]
[WhiteFideId "12521604"]
[BlackFideId "24614734"]
[WhiteElo "2526"]
[BlackElo "2345"]
[Result "1-0"]
[Round "07"]
[TimeControl "180+2"]
[Date "2023.03.21"]
[WhiteClock "0:01:04"]
[BlackClock "0:00:19"]

1. e4 c5 2. Nf3 a6 3. a4 Nc6 4. Bc4 e6 5. O-O d5 6. exd5 exd5 7. Re1+ Be7 8. Bf1 Nf6 9. d4 O-O 10. Nc3 Bg4 11. dxc5 Bxc5 12. h3 Bh5 13. g4 Bg6 14. Bg2 d4 15. Ne2 d3 16. cxd3 Qxd3 17. Qxd3 Bxd3 18. Nf4 Bc2 19. Be3 Bxe3 20. Rxe3 Rfd8 21. Ne5 Nxe5 22. Rxe5 Rab8 23. g5 Nd7 24. Re7 Kf8 25. Rae1 Nc5 26. Rc7 Rdc8 27. Ree7 Rxc7 28. Rxc7 b6 29. Bd5 Nd3 30. Rxf7+ Ke8 31. Nh5 Ne5 32. Nxg7+ Kd8 33. Rf8+ Kc7 34. Ne6+ Kd6 35. Rxb8 Kxd5 36. Rxb6 Bxa4 37. Rxa6 Bc2 38. Nf8 Ke4 39. Ra7 Nf3+ 40. Kg2 Nxg5 41. Nxh7 Nxh7 42. Rxh7 Kf4 43. Rh4+ Kg5 44. Rb4 Kf6 45. Kg3 1-0


[Site "https://www.chess.com"]

[Event "Titled Tuesday Blitz March 21 Early 2023"]
[White "Lehtosaari, Mauri"]
[Black "Hambleton, Aman"]
[WhiteFideId "501999"]
[BlackFideId "2606577"]
[WhiteElo "2523"]
[BlackElo "2511"]
[Result "0-1"]
[Round "07"]
[TimeControl "180+2"]
[Date "2023.03.21"]
[WhiteClock "0:00:01"]
[BlackClock "0:00:03"]

1. d4 e5 2. dxe5 Nc6 3. Nf3 Qe7 4. Nc3 Nxe5 5. Nxe5 Qxe5 6. g3 Bc5 7. Bg2 d6 8. O-O Nf6 9. a3 a6 10. Bf4 Qh5 11. e4 Bg4 12. Qd3 O-O 13. Rfe1 Rae8 14. Be3 h6 15. Bxc5 Qxc5 16. h3 Bh5 17. Re3 Re7 18. Rae1 Rfe8 19. b4 Qb6 20. Kh2 Bg6 21. f4 Kf8 22. Qc4 c6 23. e5 dxe5 24. fxe5 Nd7 25. Na4 Qc7 26. Nc5 Nxe5 27. Qc3 Kg8 28. Nb3 f6 29. Nd4 Kh7 30. Be4 Bxe4 31. Rxe4 Qd7 32. R4e3 Kh8 33. Nb3 Qd5 34. Nc5 b6 35. Nxa6 Nf3+ 36. Rxf3 Rxe1 0-1


[Site "https://www.chess.com"]

[Event "Titled Tuesday Blitz March 21 Early 2023"]
[White "Aradhya, Garg"]
[Black "Padmini, Rout"]
[WhiteFideId "25006746"]
[BlackFideId "5029295"]
[WhiteElo "2263"]
[BlackElo "2314"]
[Result "1-0"]
[Round "07"]
[TimeControl "180+2"]
[Date "2023.03.21"]
[WhiteClock "0:01:35"]
[BlackClock "0:00:03"]

1. d4 Nf6 2. c4 c5 3. d5 b5 4. cxb5 a6 5. e3 g6 6. Nc3 Bg7 7. Nf3 O-O 8. a4 d6 9. Bd2 Bb7 10. Bc4 axb5 11. axb5 Nbd7 12. O-O Rxa1 13. Qxa1 Nb6 14. Qa2 Nxc4 15. Qxc4 Nd7 16. e4 Qa8 17. h3 Qa7 18. Bg5 Rd8 19. Bxe7 Nb6 20. Qe2 Re8 21. Bxd6 Nxd5 22. e5 Nf4 23. Qe3 Bh6 24. Qxc5 Qa8 25. e6 Nxe6 26. Qe5 Bxf3 27. gxf3 Qxf3 28. Qg3 Qf5 29. Re1 Bf4 30. Bxf4 Nxf4 31. Rxe8+ Kg7 32. Kh2 Nd3 33. Re3 Nxb2 34. Qe5+ 1-0


[Site "https://www.chess.com"]

[Event "Titled Tuesday Blitz March 21 Early 2023"]
[White "Manukyan, Sargis A."]
[Black "Sonnenschein, Philipp"]
[WhiteFideId "13303970"]
[BlackFideId "16250877"]
[WhiteElo "2187"]
[BlackElo "2224"]
[Result "1-0"]
[Round "07"]
[TimeControl "180+2"]
[Date "2023.03.21"]
[WhiteClock "0:01:45"]
[BlackClock "0:00:30"]

1. d4 Nf6 2. c4 e6 3. Nc3 Bb4 4. a3 Bxc3+ 5. bxc3 Nc6 6. e3 b6 7. Bd3 Ba6 8. e4 Na5 9. e5 Ng8 10. Qg4 Kf8 11. Bg5 f6 12. exf6 Nxf6 13. Qe2 Kf7 14. Nf3 Rf8 15. Bxh7 d6 16. Bd3 Kg8 17. Nh4 e5 18. O-O exd4 19. cxd4 Qe8 20. Qf3 Bxc4 21. Rfe1 Qf7 22. Bg6 Qd5 23. Qg3 Nb3 24. Nf5 Rf7 25. Bxf6 Nxa1 26. Bxf7+ Qxf7 27. Nh6+ 1-0


[Site "https://www.chess.com"]

[Event "Titled Tuesday Blitz March 21 Early 2023"]
[White "Perez Gormaz, Matias"]
[Black "Horak, Martin"]
[WhiteFideId "3406342"]
[BlackFideId "367095"]
[WhiteElo "2362"]
[BlackElo "2091"]
[Result "1-0"]
[Round "07"]
[TimeControl "180+2"]
[Date "2023.03.21"]
[WhiteClock "0:00:36"]
[BlackClock "0:00:02"]

1. Nf3 Nf6 2. b3 d5 3. Bb2 c5 4. e3 e6 5. c4 dxc4 6. Bxc4 Nc6 7. O-O Be7 8. Qc2 O-O 9. Rd1 b6 10. Nc3 Bb7 11. d4 cxd4 12. Nxd4 Nxd4 13. Rxd4 Qc7 14. Qe2 Rfd8 15. Rad1 Rxd4 16. Rxd4 Rd8 17. Nb5 Qc6 18. Rxd8+ Bxd8 19. f3 a6 20. Nd4 Qc8 21. a4 e5 22. Nc2 e4 23. f4 a5 24. Nd4 Nd5 25. Nb5 Be7 26. h3 Nb4 27. Qh5 Qf8 28. Bd4 Bf6 29. Bxb6 g6 30. Qc5 Be7 31. Qc7 Bc6 32. Bxa5 Bxb5 33. Bxb5 Nd3 34. Qc4 Nb2 35. Qxe4 Bc5 36. Bc3 Nd1 37. Bd4 Qd6 38. Qe8+ Qf8 39. Qxf8+ Bxf8 40. Be2 1-0


[Site "https://www.chess.com"]

[Event "Titled Tuesday Blitz March 21 Early 2023"]
[White "Rom, Jasper"]
[Black "Larino Nieto, David"]
[WhiteFideId "2023733"]
[BlackFideId "2256444"]
[WhiteElo "2233"]
[BlackElo "2506"]
[Result "1-0"]
[Round "07"]
[TimeControl "180+2"]
[Date "2023.03.21"]
[WhiteClock "0:00:04"]
[BlackClock "0:00:02"]

1. e4 d5 2. exd5 Qxd5 3. Nc3 Qa5 4. d4 Nf6 5. Nf3 Nc6 6. Bb5 Ne4 7. O-O Nxc3 8. Bxc6+ bxc6 9. Qe1 Ba6 10. Bd2 Ne2+ 11. Qxe2 Bxe2 12. Bxa5 Bxf1 13. Kxf1 f6 14. Re1 Kd7 15. Nd2 e6 16. Nc4 Rb8 17. c3 Bd6 18. a4 Rb3 19. Re2 Rhb8 20. g3 c5 21. dxc5 Bxc5 22. Rd2+ Kc6 23. Ke1 Bd6 24. Kd1 Kc5 25. Nxd6 cxd6 26. Bc7 d5 27. Bxb8 Rxb8 28. Kc2 a5 29. f4 e5 30. fxe5 fxe5 31. Rf2 Rb7 32. Rf5 e4 33. Rf8 Re7 34. Rc8+ Kb6 35. Kd2 Kb7 36. Rc5 e3+ 37. Ke2 Re5 38. Rxa5 Kb6 39. Rb5+ Kc6 40. c4 Re4 41. cxd5+ Kd6 42. a5 g5 43. b4 h5 44. a6 Re7 45. Rb7 Re8 46. a7 Ra8 47. b5 Kxd5 48. b6 Ke5 49. Rb8 1-0


[Site "https://www.chess.com"]

[Event "Titled Tuesday Blitz March 21 Early 2023"]
[White "Pham, Le Thao Nguyen"]
[Black "Korchmar, Vasiliy"]
[WhiteFideId "12401226"]
[BlackFideId "24131750"]
[WhiteElo "2282"]
[BlackElo "2370"]
[Result "0-1"]
[Round "07"]
[TimeControl "180+2"]
[Date "2023.03.21"]
[WhiteClock "0:00:03"]
[BlackClock "0:01:00"]

1. d4 d5 2. Nf3 Nf6 3. c4 c6 4. cxd5 cxd5 5. Nc3 Nc6 6. Bf4 Nh5 7. Bg3 g6 8. e3 Bg7 9. Be2 O-O 10. O-O Nxg3 11. hxg3 e6 12. Rc1 Bd7 13. Na4 b6 14. Ba6 Qe7 15. Bb7 Nxd4 16. Bxa8 Bxa4 17. b3 Bxb3 18. axb3 Nxf3+ 19. gxf3 Rxa8 20. f4 b5 21. Qd3 Qb4 22. Rc7 Bf6 23. Rfc1 Kg7 24. Rb7 a6 25. Rcc7 Rf8 26. Rc6 h5 27. Rxe6 h4 28. g4 h3 29. Kh2 Qe1 30. Qc2 Qf1 31. f3 Rc8 32. Qd2 Rc1 33. g5 Bc3 0-1


[Site "https://www.chess.com"]

[Event "Titled Tuesday Blitz March 21 Early 2023"]
[White "Lewtak, Damian"]
[Black "Sanchez Alvares, Kelvin Antonio"]
[WhiteFideId "1141724"]
[BlackFideId "3906680"]
[WhiteElo "2302"]
[BlackElo "2217"]
[Result "1-0"]
[Round "07"]
[TimeControl "180+2"]
[Date "2023.03.21"]
[WhiteClock "0:00:07"]
[BlackClock "0:00:03"]

1. e4 e5 2. Nf3 Nc6 3. Bb5 a6 4. Ba4 Nf6 5. O-O b5 6. Bb3 Be7 7. Re1 O-O 8. h3 d6 9. c3 Nb8 10. d4 Nbd7 11. Nbd2 c5 12. Nf1 Bb7 13. Ng3 Re8 14. d5 c4 15. Bc2 Nc5 16. b4 cxb3 17. axb3 Rc8 18. Bb2 g6 19. b4 Ncd7 20. Nd2 h5 21. Bd3 h4 22. Ngf1 Nh5 23. Ne3 Nf4 24. Bf1 Bf8 25. c4 bxc4 26. Ndxc4 Qg5 27. Kh2 Nb8 28. Na5 Rc7 29. Rc1 Rd7 30. b5 f5 31. Ba3 Qd8 32. Nc6 Qf6 33. Nxb8 Rxb8 34. bxa6 Ba8 35. Rb1 Re8 36. Qa4 Red8 37. Rb8 Qf7 38. Rxd8 Rxd8 39. Rc1 fxe4 40. Qxe4 Kh7 41. Rc2 Bh6 42. Bb4 Bg5 43. Ba5 Rd7 44. Rc8 Bxd5 45. Nxd5 Nxd5 46. Qf3 Bf4+ 47. Kg1 Ne7 48. Rb8 Nf5 49. Rb7 Nd4 50. Qe4 d5 51. Rxd7 Qxd7 52. Qb1 e4 53. Qb6 Nf5 54. a7 e3 55. a8=Q exf2+ 56. Qxf2 Be3 57. Qxe3 Nxe3 58. Qd8 Qf7 59. Bd3 Nd1 60. Be1 Qa7+ 61. Kh2 Qe3 62. Qxh4+ Kg7 63. Qg3 Qxg3+ 64. Bxg3 Kf6 65. Be2 Nc3 66. Bf3 d4 67. Be1 Nb1 68. Kg3 d3 69. Bd1 d2 70. Bf2 Nc3 71. Bd4+ Kf5 72. Bxc3 1-0


[Site "https://www.chess.com"]

[Event "Titled Tuesday Blitz March 21 Early 2023"]
[White "De Silva, L M S T"]
[Black "Eynullayev, Atilla"]
[WhiteFideId "9953698"]
[BlackFideId "13413570"]
[WhiteElo "2403"]
[BlackElo "2181"]
[Result "1-0"]
[Round "07"]
[TimeControl "180+2"]
[Date "2023.03.21"]
[WhiteClock "0:03:00"]
[BlackClock "0:00:49"]

1. e4 c5 2. Nf3 d6 3. Bb5+ Nd7 4. Ba4 Nf6 5. O-O e6 6. Re1 Be7 7. c3 O-O 8. d4 cxd4 9. cxd4 a6 10. Nbd2 b5 11. Bc2 Bb7 12. e5 dxe5 13. dxe5 Nd5 14. Ne4 Nc5 15. Nxc5 Bxc5 16. Bxh7+ Kxh7 17. Ng5+ Kg8 18. Qh5 Re8 19. Qxf7+ Kh8 20. Qh5+ Kg8 21. Qh7+ Kf8 22. Qh8+ Ke7 23. Qxg7# 1-0


[Site "https://www.chess.com"]

[Event "Titled Tuesday Blitz March 21 Early 2023"]
[White "Itgelt, Khuyagtsogt"]
[Black "Khamdamova, Afruza"]
[WhiteFideId "4902912"]
[BlackFideId "14210444"]
[WhiteElo "2227"]
[BlackElo "2210"]
[Result "1-0"]
[Round "07"]
[TimeControl "180+2"]
[Date "2023.03.21"]
[WhiteClock "0:00:06"]
[BlackClock "0:00:41"]

1. d4 Nf6 2. c4 e6 3. g3 d5 4. Nf3 dxc4 5. Bg2 c5 6. O-O Nc6 7. Qa4 Bd7 8. Qxc4 b5 9. Qc3 b4 10. Qd3 Rc8 11. Rd1 cxd4 12. Nxd4 Nxd4 13. Qxd4 Bc5 14. Qd3 Qb6 15. Be3 Bxe3 16. Qxe3 Qxe3 17. fxe3 Rc2 18. Nd2 Rxb2 19. Rab1 Rxa2 20. Rxb4 O-O 21. Nc4 a5 22. Rb7 Bc8 23. Ra7 Rxe2 24. Rxa5 Bd7 25. Bf3 Rc2 26. Ne5 Be8 27. g4 h6 28. h4 g5 29. hxg5 hxg5 30. Rf1 Nh7 31. Be4 Re2 32. Rf3 f6 33. Ra7 f5 34. gxf5 exf5 35. Bd5+ Kh8 36. Rh3 1-0


[Site "https://www.chess.com"]